 Dungeon Crawl Stone Soup version 0.28-a0-1142-gc8569940dd (webtiles) character file.

Game seed: 6602850856136502719

3462 Lavandula the Ruffian (level 10, -23/70 HPs)
             Began as a Formicid Transmuter on Dec 13, 2021.
             Was an Initiate of Ru.
             Annihilated by a manticore (24 damage)
             ... on level 8 of the Dungeon.
             The game lasted 00:18:08 (8820 turns).

Lavandula the Ruffian (Formicid Transmuter)         Turns: 8820, Time: 00:18:08

Health: -23/70     AC:  2    Str: 21    XL:     10   Next: 26%
Magic:  16/19      EV: 19    Int: 17    God:    Ru [......]
Gold:   279        SH:  0    Dex: 16    Spells: 2/21 levels left

rFire   . . .      SeeInvis .     - Unarmed
rCold   . . .      Faith    .   (shield currently unavailable)
rNeg    . . .      Spirit   .   (armour currently unavailable)
rPois   x          Reflect  .   (helmet unavailable)
rElec   .          Harm     .   (cloak currently unavailable)
rCorr   .          Rampage  .   (gloves currently unavailable)
Will    ++...                   (boots currently unavailable)
Stlth   +.........              (no amulet)
HPRegen 0.21/turn               k - +6 ring of strength
MPRegen 0.16/turn               q - ring of willpower

@: spider-form
A: venomous fangs, permanent stasis, dig shafts and tunnels, tiny, (antennae 3),
four strong arms
a: End Transformation, Renounce Religion


You were on level 8 of the Dungeon.
You worshipped Ru.
Ru was noncommittal.
You were a venomous arachnid creature.
You visited 2 branches of the dungeon, and saw 9 of its levels.

You collected 279 gold pieces.

Inventory:

Missiles
 h - a curare-tipped dart
 u - 2 throwing nets
Armour
 a - a +0 robe (melded)
 s - a +0 cloak (melded)
Jewellery
 k - a +6 ring of strength (left front leg)
 q - a ring of willpower (right front leg)
Wands
 n - a wand of iceblast (5)
 p - a wand of mindburst (15)
Scrolls
 b - a scroll of brand weapon {unknown}
 c - a scroll of summoning {unknown}
 e - a scroll of fog {unknown}
 f - a scroll of immolation {unknown}
 g - a scroll of enchant armour {unknown}
 i - a scroll of amnesia {unknown}
 j - a scroll of silence {unknown}
 m - a scroll of noise {unknown}
 t - a scroll of vulnerability
 v - 2 scrolls of enchant weapon {unknown}
Potions
 d - a potion of might
 l - 3 potions of curing
 o - a potion of brilliance
 r - 2 potions of ambrosia
 w - a potion of magic
 x - a potion of heal wounds {unknown}


   Skills:
 - Level 3.5 Fighting
 - Level 1.7 Dodging
 - Level 7.6 Unarmed Combat
 - Level 6.2 Spellcasting
 - Level 7.5 Hexes
 + Level 7.2 Transmutations
 - Level 3.6 Ice Magic
 - Level 3.0 Poison Magic


You had 2 spell levels left.
You knew the following spells:

 Your Spells              Type           Power      Damage    Failure   Level
a - Beastly Appendage     Tmut           58%        N/A       4%          1
b - Wereblood             Tmut           29%        N/A       5%          2
c - Spider Form           Tmut/Pois      22%        N/A       14%         3
d - Ice Form              Ice/Tmut       23%        N/A       30%         4
e - Tukima's Dance        Hex            30%        N/A       8%          3
f - Blade Hands           Tmut           14%        N/A       38%         5
g - Apportation           Tloc           10%        N/A       30%         1

Your spell library contained the following spells:

 Spells                   Type           Power      Damage    Failure   Level
 Ensorcelled Hibernation  Hex/Ice        48%        N/A       8%          2
 Static Discharge         Conj/Air       5%         N/A       38%         2
 Alistair's Intoxication  Tmut/Pois      14%        N/A       61%         5
 Animate Armour           Summ/Erth      10%        N/A       90%         4
 Dispel Undead            Necr           5%         3d7       90%         4
 Sticky Flame             Conj/Fire      5%         2d3       90%         4
 Iron Shot                Conj/Erth      2%         9d2       100%        6


Dungeon Overview and Level Annotations

Branches:
Dungeon (8/15)             Temple (1/1) D:7
   Lair: D:8-11

Altars:
Ashenzari
Cheibriados
Dithmenos
Elyvilon
Fedhas
Gozag
Hepliaklqana
Kikubaaqudgha
Makhleb
Nemelex Xobeh
Okawaru
Qazlal
Ru
Sif Muna
Trog
Uskayaw
Vehumet
Wu Jian
Xom
Yredelemnul
Zin
The Shining One

Shops:
D:5 =   D:7 (


Innate Abilities, Weirdness & Mutations

You are a venomous arachnid creature.
You have poisonous fangs.
You are tiny and dextrous.
Your spellcasting is less reliable in this form.
Your armour is entirely melded.
You are incapable of wielding weapons or throwing items.
You cannot be hasted, slowed, berserked, paralysed or teleported.
You can dig through walls and to a lower floor.
((You have a pair of large antennae on your head. (SInv)))
Your four strong arms can wield two-handed weapons with a shield.


Message History

The manticore resists with some effort.
Casting: Blade Hands (quite dangerous; 19% risk of failure)
Confirm with . or Enter, or press ? or * to list all spells.
You turn into a venomous arachnid creature.
Your +0 cloak melds into your body.
Your +0 robe melds into your body.
The manticore closely misses you. The manticore claws you.
The manticore barely misses you.
Unknown command.
You completely miss the manticore. The manticore closely misses you.
The manticore claws you! The manticore misses you.
You hit the manticore.
The manticore is poisoned.
The manticore is lightly wounded.
The manticore bites you. The manticore claws you.
The manticore closely misses you.
You bite the manticore!
The manticore is moderately wounded.
You carefully extract the barbed spikes from your body.
The manticore closely misses you. The manticore claws you.
The manticore closely misses you.
You are too injured to fight recklessly!
You are too injured to fight recklessly!
Unknown command.
You bite the manticore!
The manticore looks as sick as possible!
The manticore is heavily wounded.
The manticore bites you!!
* * * LOW HITPOINT WARNING * * *
The manticore claws you.
* * * LOW HITPOINT WARNING * * *
The manticore claws you!
* * * LOW HITPOINT WARNING * * *
Okay, then.
Okay, then.
Okay, then.
You can't do that in your present form.
You hit the manticore.
The manticore looks as sick as possible!
The manticore is severely wounded.
The manticore bites you!!
You die...

# #
########## #
#........# #
#........# #
#.......)####
#
#...........
# #......H.#
#s# #.# #.#
##########
#.#
#.........
#.#
#.#######.
#.#
#.#.....#.
#.#
#.#.##....
#.#
#.#.##....
#.#
#.#.##.###


You could see a manticore (extremely poisoned).

Vanquished Creatures
  Pikel (D:7)
  Joseph (D:8)
  Maurice (D:8)
  A water moccasin (D:8)
  An ice beast (D:7)
  A sky beast (D:6)
  A black bear (D:4)
  3 ogres
  2 centaurs (D:5)
  A kobold brigand (D:8)
  2 bullfrogs (D:7)
  A gnoll sergeant (D:8)
  5 scorpions
  A water moccasin skeleton (D:4)
  2 killer bees (D:3)
  2 bullfrog zombies
  A centaur zombie (D:8)
  A hound (D:5)
  A jelly (D:6)
  3 bullfrog skeletons
  3 orc priests
  5 iguanas
  6 orc wizards
  A hound skeleton (D:4)
  7 gnolls
  10 adders
  2 white imps
  An ufetubus (D:6)
  2 dart slugs
  25 orcs
  A ball python (D:1)
  6 endoplasms
  2 giant cockroaches
  4 goblins
  5 hobgoblins
  8 jackals
  7 kobolds
  5 quokkas
  3 bats (D:2)
  3 frilled lizards
  A jackal skeleton (D:4)
  A rat (D:2)
140 creatures vanquished.

Notes
Turn   | Place    | Note
-------+----------+-------------------------------------------
     0 | D:1      | Lavandula the Formicid Transmuter began the quest for the
                  | Orb.
     0 | D:1      | Reached XP level 1. HP: 15/15 MP: 3/3
   170 | D:1      | Found a faded altar of an unknown god.
   516 | D:1      | Reached XP level 2. HP: 17/21 MP: 3/5
   519 | D:1      | Learned a level 2 spell: Wereblood
  1182 | D:1      | Reached XP level 3. HP: 26/26 MP: 4/6
  1186 | D:1      | Learned a level 3 spell: Spider Form
  1513 | D:1      | Reached XP level 4. HP: 32/32 MP: 2/7
  1731 | D:2      | Reached skill level 5 in Unarmed Combat
  2128 | D:3      | Reached XP level 5. HP: 17/37 MP: 3/8
  2499 | D:3      | Reached skill level 1 in Poison Magic
  2685 | D:3      | Found an ornate altar of the Wu Jian Council.
  3180 | D:4      | Noticed a black bear
  3307 | D:4      | Noticed an ogre
  3321 | D:3      | Killed an ogre
  3322 | D:3      | Reached XP level 6. HP: 43/43 MP: 7/9
  3539 | D:4      | Killed a black bear
  3540 | D:4      | Reached XP level 7. HP: 34/48 MP: 7/11
  3676 | D:4      | Found an opulent altar of Gozag.
  3850 | D:4      | You fall into a shaft and drop 3 floors!
  3991 | D:5      | Entered Level 5 of the Dungeon
  4278 | D:6      | Learned a level 4 spell: Ice Form
  4405 | D:6      | Learned a level 3 spell: Tukima's Dance
  4437 | D:6      | Reached XP level 8. HP: 54/54 MP: 11/14
  4604 | D:5      | Reached skill level 5 in Hexes
  4783 | D:5      | Found Dabreoh's Jewellery Emporium.
  5567 | D:5      | Reached XP level 9. HP: 29/59 MP: 12/15
  5580 | D:5      | Learned a level 1 spell: Apportation
  6551 | D:7      | Found Fubietha's Antique Weapon Shop.
  6624 | D:7      | Found a staircase to the Ecumenical Temple.
  6639 | Temple   | Entered the Ecumenical Temple
  6689 | Temple   | Became a worshipper of Ru the Awakened
  7660 | D:8      | Noticed Joseph
  7674 | D:8      | Killed Joseph
  7747 | D:8      | Reached skill level 5 in Transmutations
  7891 | D:8      | Noticed Pikel
  7907 | D:7      | Killed Pikel
  7908 | D:7      | Reached skill level 5 in Spellcasting
  7908 | D:7      | Reached XP level 10. HP: 46/70 MP: 13/18
  7929 | D:8      | Learned a level 5 spell: Blade Hands
  8493 | D:8      | Noticed Maurice
  8502 | D:8      | Killed Maurice
  8812 | D:8      | Noticed a manticore
  8819 | D:8      | HP: 1/70 [manticore (8)]
  8820 | D:8      | Annihilated by a manticore

Illustrated notes

Levels and vault maps discovered:
D:1:      dpeg_arrival_concentric_ovals, layout_basic,
          dreamdust_ecumenical_altar_angels_and_demons, minmay_misc_feat_square,
          hex_intersection
D:2:      layout_rooms, grunt_ministairs_2
D:3:      layout_loops_cross, lemuel_tele_altar
D:4:      minmay_angry_zag, layout_rooms, minmay_ruined_shrine, uniq_natasha
D:5:      layout_loops_corners, serial_shops, shop, small_statue_alley_b,
          minivault_4, hangedman_decor_riveting
D:6:      layout_basic, serial_rivers, chequers_serial_rivers_micro_a,
          chequers_serial_rivers_small_a, chequers_serial_rivers_micro_c,
          chequers_serial_rivers_small_3, chequers_serial_rivers_micro_e,
          chequers_serial_rivers_room_b
D:7:      layout_cave_pools, minmay_temple_entry_grid, nicolae_stop_n_shop_1
D:8:      layout_basic, uniq_joseph, uniq_pikel, uniq_maurice
Temple:   kilobyte_greek_temple

Skill      XL: |  1  2  3  4  5  6  7  8  9 10 |
---------------+-------------------------------+-----
Unarmed Combat | 4 5 6 7 |  7.6
Transmutations | 3 5 7 |  7.2
Poison Magic   | 3 |  3.0
Spellcasting   | 3 4 5 6 |  6.2
Hexes          | 2 7 |  7.5
Fighting       | 3 |  3.5
Ice Magic      | 3 |  3.6
Dodging        | |  1.7

Action                   |  1- 3 |  4- 6 |  7- 9 | 10-12 || total
-------------------------+-------+-------+-------+-------++-------
Melee: Unarmed           |    71 |   125 |   189 |    52 ||   437
       Kick              |     8 |     5 |       |       ||    13
       Punch             |       |       |     1 |     1 ||     2
 Cast: Beastly Appendage |    15 |     4 |     1 |       ||    20
       Spider Form       |     3 |    20 |    35 |     3 ||    61
       Ice Form          |       |       |     1 |     2 ||     3
       Tukima's Dance    |       |       |       |     1 ||     1
       Blade Hands       |       |       |       |     1 ||     1
Evoke: Wand              |       |       |       |     2 ||     2
  Use: Potion            |     1 |       |     2 |       ||     3
       Scroll            |       |       |     5 |     1 ||     6
 Stab: Sleeping          |     1 |       |       |       ||     1
       Distracted        |       |       |       |     1 ||     1
Armor: Robe              |    12 |     6 |     1 |     2 ||    21
       Skin              |     1 |     4 |    14 |     1 ||    20
Dodge: Dodged            |    60 |   100 |   126 |    26 ||   312

Table legend: (Time is in decaauts)
 A = Elapsed time spent in this place.
 B = Non-inter-level travel time spent in this place.
 C = Inter-level travel time spent in this place.
 D = Time resting spent in this place.
 E = Time spent auto-exploring this place.
 F = Levels seen in this place.
 G = Mean time per level.
                   A        B        C        D        E       F      G
               +--------+--------+--------+--------+--------+-----+--------+
         Total |   8792 |   8466 |    326 |   1965 |   5107 |   9 |  976.9 |
       Dungeon |   8627 |   8316 |    311 |   1965 |   4971 |   8 | 1078.4 |
        Temple |    164 |    149 |     15 |      0 |    136 |   1 |  164.0 |
               +--------+--------+--------+--------+--------+-----+--------+

Top non-repeatable levels by time:
     D:3: 1571 daAuts
     D:5: 1447 daAuts
     D:1: 1420 daAuts
     D:6: 1216 daAuts
     D:7: 1075 daAuts
     D:8: 1045 daAuts
     D:4: 477 daAuts
     D:2: 373 daAuts
  Temple: 164 daAuts
